AoeStats
← AllBirds

Arena

510237748Analyzed
3v3 RM · 1d ago on Sep 30, 2026· 48m 23s· 6 players
Game mode
Random Map
Map size
Normal (6 player)
Population
200
Speed
Normal
Resources
Standard
Victory
Conquest
Starting age
Dark Age
Ending age
Imperial Age
RankedLock teamsTeams togetherTeam positionsShared explorationLock speedFull tech treeHidden civsTurbo modeCheats
Victory
Defeat
🇺🇸 Danes · United States
1009
+14
🇺🇸 Saracens · United States
994
+15
🇺🇸 Gurjaras · United States
967
+16
🇨🇦 Italians · Canada
996
-16
🇲🇽 Bulgarians · Mexico
965
-15
🇮🇩 Japanese · Indonesia
944
-14
NameAnonymous
7:32 Loom
11:19 Feudal Age
15:58 Castle Age
14:21 Double-Bit Axe
15:41 Forging
18:38 Bow Saw
18:59 Horse Collar
21:00 Gambesons
22:07 Iron Casting
21:38 Squires
22:01 Heavy Plow
22:35 Scale Mail Armor
22:50 Stone Mining
24:10 Chain Mail Armor
25:24 Wheelbarrow
24:36 Town Watch
25:52 Arson
28:18 Scale Barding Armor
29:45 Hand Cart
31:03 Chain Barding Armor
34:43 Imperial Age
36:34 Chemistry
36:00 Conscription
36:05 Onager
38:49 Siege Onager
AllBirds
11:22 Feudal Age
11:18 Loom
12:50 Double-Bit Axe
12:50 Horse Collar
15:11 Gold Mining
21:23 Castle Age
19:18 Fletching
19:23 Stone Mining
20:04 Padded Archer Armor
21:16 Forging
20:55 Arson
22:13 Bodkin Arrow
22:21 Crossbowman
23:23 Leather Archer Armor
24:57 Ballistics
28:06 Wheelbarrow
28:26 Bow Saw
29:41 Heavy Plow
30:15 Town Watch
30:44 Masonry
33:35 Imperial Age
32:16 Fortified Wall
32:49 Iron Casting
32:19 Squires
33:53 Silk Road
35:50 Chemistry
35:05 Bracer
38:04 Hand Cart
38:42 Ring Archer Armor
38:59 Conscription
39:24 Town Patrol
41:51 Bloodlines
41:42 Husbandry
41:05 Light Cavalry
42:45 Scale Barding Armor
44:47 Hussar
48:00 Redemption
DekaJe
0:38 Loom
10:38 Feudal Age
14:58 Castle Age
14:33 Double-Bit Axe
15:28 Horse Collar
18:27 Fletching
21:57 Bodkin Arrow
23:34 Scale Mail Armor
26:58 Guard Tower
30:44 Forging
31:41 Bow Saw
31:33 Heavy Plow
35:58 Imperial Age
34:11 Wheelbarrow
36:01 Husbandry
36:11 Bloodlines
35:22 Light Cavalry
37:00 Yasama
37:02 Bracer
37:24 Hand Cart
37:31 Kataparuto
37:28 Town Watch
39:17 Keep
38:38 Murder Holes
39:07 Gold Mining
39:10 Stone Mining
39:38 Chain Mail Armor
39:25 Padded Archer Armor
39:58 Town Patrol
40:54 Hoardings
40:09 Arrowslits
40:46 Ballistics
40:08 Treadmill Crane
41:04 Conscription
41:46 Gold Shaft Mining
42:04 Iron Casting
41:36 Scale Barding Armor
40:57 Elite Skirmisher
42:15 Crossbowman
43:00 Thumb Ring
43:22 Parthian Tactics
44:01 Elite Samurai
45:13 Plate Mail Armor
45:39 Leather Archer Armor
45:47 Chain Barding Armor
48:11 Fortified Wall
49:02 Chemistry
48:13 Masonry
48:09 Siege Engineers
RelevantAnchovy
11:13 Feudal Age
12:18 Horse Collar
14:50 Castle Age
13:18 Double-Bit Axe
21:51 Heavy Plow
22:04 Bow Saw
25:18 Wheelbarrow
24:29 Loom
28:35 Imperial Age
26:51 Gold Mining
27:21 Hand Cart
27:46 Town Watch
29:10 Town Patrol
29:45 Scale Mail Armor
29:55 Forging
29:47 Squires
29:32 Gambesons
29:20 Onager
31:15 Chain Mail Armor
31:04 Hamask
32:05 Conscription
31:07 Northmen's Fury
33:42 Plate Mail Armor
33:47 Iron Casting
32:41 Siege Onager
33:44 Stone Mining
34:33 Gold Shaft Mining
35:30 Stone Shaft Mining
35:23 Fletching
35:55 Elite Jomsviking
37:30 Siege Engineers
38:26 Chemistry
38:24 Elite Varangian Guard
40:09 Blast Furnace
39:07 Bodkin Arrow
41:26 Bracer
42:06 Guard Tower
42:14 Murder Holes
zackdh9
10:50 Feudal Age
14:53 Castle Age
13:17 Double-Bit Axe
18:50 Horse Collar
21:36 Bow Saw
22:06 Heavy Plow
24:30 Wheelbarrow
24:15 Stone Mining
30:48 Imperial Age
28:35 Hand Cart
28:26 Scale Mail Armor
30:03 Kshatriyas
30:30 Gold Mining
31:15 Stone Shaft Mining
30:58 Chain Mail Armor
30:53 Forging
32:11 Plate Mail Armor
33:10 Iron Casting
33:45 Crop Rotation
32:43 Siege Elephant
33:47 Conscription
33:37 Loom
33:52 Elite Chakram Thrower
35:14 Bloodlines
35:04 Husbandry
35:53 Scale Barding Armor
35:12 Elite Shrivamsha Rider
44:36 Heavy Camel Rider
48:36 Chain Barding Armor
ambitious_koala2
11:38 Feudal Age
12:48 Double-Bit Axe
17:36 Castle Age
18:14 Fletching
19:25 Bow Saw
19:09 Gold Mining
19:32 Crossbowman
22:03 Wheelbarrow
23:52 Horse Collar
24:53 Gold Shaft Mining
27:47 Bloodlines
27:54 Padded Archer Armor
28:24 Thumb Ring
32:17 Heavy Plow
34:24 Husbandry
34:27 Bodkin Arrow
37:06 Imperial Age
34:54 Hand Cart
35:35 Stone Mining
37:29 Ballistics
37:22 Fortified Wall
37:32 Leather Archer Armor
39:02 Chemistry
38:16 Fortified Wall
38:12 Siege Engineers
38:12 Bracer
38:37 Conscription
39:44 Elite Mameluke
41:09 Ring Archer Armor
40:54 Scale Barding Armor
41:03 Forging
40:26 Arbalester
41:32 Counterweights
43:36 Chain Barding Armor
44:25 Iron Casting
46:41 Blast Furnace
46:08 Caravan
48:43 Bimaristan
Connection lost

Rejoining the realm…

Still unreachable

The connection could not be restored.

Session expired

The server has moved on; the page needs a fresh start.